 Dungeon Crawl Stone Soup version 0.26-a0-362-g1d9a9cd4fa (webtiles) character file.

Game seed: 1961169374558792364

2183 KristoblXynda the Grappler (level 9, -3/80 HPs)
             Began as a Troll Monk on July 18, 2020.
             Was a Priest of Cheibriados.
             Slain by a sky beast (5 damage)
             ... on level 8 of the Dungeon.
             The game lasted 00:09:20 (5859 turns).

KristoblXynda the Grappler (Troll Monk)             Turns: 5859, Time: 00:09:20

Health: -3/80      AC:  8    Str: 35    XL:     9   Next: 11%
Magic:  0/8        EV: 15    Int: 16    God:    Cheibriados [***...]
Gold:   453        SH:  0    Dex: 19    Spells: 8/8 levels left

rFire    . . .     SeeInvis .   w - +6 morningstar of the Lusting Salmon {elec, *Corrode rN+++ MR- Str+7}
rCold    . . .     Faith    .   (no shield)
rNeg     + + +     Spirit   +   a - +0 robe
rPois    +         Reflect  .   (helmet restricted)
rElec    .         Harm     .   s - +1 cloak
rCorr    .                      (gloves unavailable)
MR       .....                  (boots unavailable)
Stlth    ++........             v - amulet of guardian spirit
HPRegen  0.63/turn              h - ring of positive energy
MPRegen  0.11/turn              p - ring of poison resistance

@: very slow
A: large, unfitting armour, claws 3, regeneration 1, shaggy fur 1, tough skin 3
a: Bend Time, Temporal Distortion, Renounce Religion


You were on level 8 of the Dungeon.
You worshipped Cheibriados.
Cheibriados was most pleased with you.
You visited 2 branches of the dungeon, and saw 9 of its levels.

You collected 453 gold pieces.

Inventory:

Hand Weapons
 r - a +2 morningstar
 w - the +6 morningstar of the Lusting Salmon (weapon) {elec, *Corrode rN+++ MR- Str+7}
   (You found it on level 7 of the Dungeon)

   Occasionally, upon striking a foe, it will discharge some electrical energy
   and cause terrible harm.
   It affects your strength (+7).
   It renders you almost immune to negative energy.
   It affects your resistance to hostile enchantments.
   It may corrode you when you take damage.
Armour
 a - a +0 robe (worn)
 s - a +1 cloak (worn)
Jewellery
 h - a ring of positive energy (left claw)
 p - a ring of poison resistance (right claw)
 v - an amulet of guardian spirit (around neck)
Wands
 q - a wand of clouds (7)
 y - a wand of paralysis (5)
 z - a wand of flame (12)
Scrolls
 c - 5 scrolls of remove curse
 g - 6 scrolls of fear
 i - a scroll of magic mapping {unknown}
 j - a scroll of amnesia {unknown}
 m - a scroll of identify
 n - 4 scrolls of teleportation
Potions
 b - 5 potions of lignification
 d - 2 potions of heal wounds
 e - 4 potions of stabbing
 f - a potion of ambrosia {unknown}
 k - a potion of berserk rage {unknown}
 l - 3 potions of curing
 o - a potion of might {unknown}
 t - 2 potions of haste {unknown}
 u - a potion of mutation
 x - a potion of resistance {unknown}
 A - a potion of magic {unknown}


   Skills:
 - Level 2.4 Fighting
 + Level 1.2 Maces & Flails
 + Level 7.6 Dodging
 - Level 1.0 Stealth
 - Level 8.9 Unarmed Combat


You had 8 spell levels left.
You didn't know any spells.
Your spell library was empty.

Dungeon Overview and Level Annotations

Branches:
Dungeon (8/15)             Temple (1/1) D:5
   Lair: D:8-11

Altars:
Ashenzari
Cheibriados
Elyvilon
Fedhas
Gozag
Hepliaklqana
Kikubaaqudgha
Makhleb
Okawaru
Qazlal
Ru
Sif Muna
Trog
Uskayaw
Vehumet
Wu Jian
Xom
Yredelemnul
Zin
The Shining One

Shops:
D:7 }

Annotations:
D:8 Harold


Innate Abilities, Weirdness & Mutations

You are too large for most types of armour.
You have claws for hands.
Your natural rate of healing is unusually fast.
You are covered in fur. (AC +1)
You have extremely tough skin. (AC +3)


Message History

Harold is heavily wounded.
Harold hits you with a +4 flail of protection!!
Something barely misses you. Harold hits you but does no damage.
You hit Harold but do no damage.
Harold is heavily wounded.
Something hits you. Something shocks you.
Harold hits you with a +4 flail of protection!!
* * * LOW HITPOINT WARNING * * *
You hit Harold. Lightning courses through Harold!
Harold is heavily wounded.
Something hits you but does no damage. Harold misses you. Something hits you.
* * * LOW HITPOINT WARNING * * *
Something shocks you.
* * * LOW HITPOINT WARNING * * *
You hit Harold. Lightning courses through Harold! You claw Harold!
Harold is almost dead.
Something hits you.
* * * LOW HITPOINT WARNING * * *
Something shocks you.
You die...

#.#.........#
##############
#.#......(..#
#.#.........#
#.#.........#
#.#.........#
#.#.........###
#..........(#
#...........######
#........@{(......
#######.@.........
#...........
.............
#....##########
#....# ######


You could see Harold.

Vanquished Creatures
  A hippogriff (D:7)
  2 steam dragons (D:6)
  Edmund (D:5)
  A water moccasin (D:7)
  A phantom (D:5)
  2 sky beasts
  5 ogres
  A necrophage (D:8)
  A centaur (D:5)
  A big kobold (D:8)
  2 bullfrogs
  A scorpion (D:4)
  A howler monkey (D:4)
  An orc wizard (D:5)
  2 iguanas
  2 bullfrog skeletons
  4 worker ants
  Ijyb (D:5)
  6 adders
  2 shadow imps
  An ooze (D:2)
  An adder skeleton (D:5)
  A worm (D:2)
  3 dart slugs
  6 leopard geckos
  13 orcs
  2 ball pythons
  5 bats
  10 giant cockroaches
  4 goblins
  4 hobgoblins
  16 jackals
  3 quokkas
  8 frilled lizards
  9 kobolds
  A leopard gecko skeleton (D:4)
  2 rats
127 creatures vanquished.

Vanquished Creatures (others)
  A quokka (D:7)
  A plant (D:7)
2 creatures vanquished.

Grand Total: 129 creatures vanquished

Notes
Turn   | Place    | Note
-------+----------+-------------------------------------------
     0 | D:1      | KristoblXynda the Troll Monk began the quest for the Orb.
     0 | D:1      | Reached XP level 1. HP: 22/22 MP: 0/0
   275 | D:1      | Reached XP level 2. HP: 26/29 MP: 1/1
  1138 | D:2      | Reached XP level 3. HP: 36/36 MP: 2/2
  1350 | D:2      | Found a shimmering altar of Xom.
  1352 | D:2      | Found a bloodstained altar of Trog.
  1352 | D:2      | Found a sacrificial altar of Ru.
  1354 | D:2      | Found a shimmering altar of Xom.
  1354 | D:2      | Found a basalt altar of Yredelemnul.
  1354 | D:2      | Found a shimmering altar of Xom.
  1910 | D:3      | Reached skill level 4 in Unarmed Combat
  1980 | D:3      | Reached XP level 4. HP: 44/44 MP: 3/3
  2686 | D:4      | Noticed an ogre
  2701 | D:4      | Killed an ogre
  2701 | D:4      | Reached XP level 5. HP: 32/50 MP: 4/4
  2704 | D:4      | Noticed an ogre
  2706 | D:4      | Reached skill level 5 in Unarmed Combat
  2754 | D:4      | Killed an ogre
  2754 | D:4      | Reached XP level 6. HP: 48/59 MP: 5/5
  3317 | D:5      | Entered Level 5 of the Dungeon
  3325 | D:5      | Reached skill level 5 in Dodging
  3325 | D:5      | Reached skill level 6 in Unarmed Combat
  3325 | D:5      | Reached XP level 7. HP: 66/66 MP: 6/6
  3326 | D:5      | Found a staircase to the Ecumenical Temple.
  3356 | Temple   | Entered the Ecumenical Temple
  3442 | Temple   | Became a worshipper of Cheibriados the Contemplative
  3442 | Temple   | Reached * piety under Cheibriados
  3442 | Temple   | Reached ** piety under Cheibriados
  3667 | D:5      | Noticed Ijyb
  3670 | D:5      | Paralysed by Ijyb for 4 turns
  3678 | D:5      | Killed Ijyb
  4080 | D:5      | Noticed Edmund
  4099 | D:5      | Killed Edmund
  4099 | D:5      | Reached skill level 7 in Unarmed Combat
  4106 | D:5      | Found an ornate altar of the Wu Jian Council.
  4435 | D:6      | Reached XP level 8. HP: 71/74 MP: 7/7
  4767 | D:6      | Found a stormy altar of Qazlal.
  5005 | D:6      | Reached skill level 8 in Unarmed Combat
  5116 | D:7      | Found Zidgheax's Gadget Boutique.
  5127 | D:7      | Found a blossoming altar of Fedhas.
  5164 | D:7      | Found a shattered altar of Ashenzari.
  5197 | D:7      | Reached *** piety under Cheibriados
  5253 | D:7      | Noticed a hippogriff
  5261 | D:7      | Killed a hippogriff
  5263 | D:7      | Found an ancient bone altar of Kikubaaqudgha.
  5317 | D:7      | Found a shattered altar of Ashenzari.
  5384 | D:7      | Reached XP level 9. HP: 56/80 MP: 6/8
  5452 | D:7      | Found a white marble altar of Elyvilon.
  5462 | D:7      | Found a sacrificial altar of Ru.
  5467 | D:7      | Found a shimmering blue altar of Sif Muna.
  5467 | D:7      | Found an iron altar of Okawaru.
  5670 | D:7      | Got a crystal morningstar
  5671 | D:7      | Identified the +6 morningstar of the Lusting Salmon {elec,
                  | *Corrode rN+++ MR- Str+7} (You found it on level 7 of the
                  | Dungeon)
  5837 | D:8      | Reached skill level 1 in Maces & Flails
  5838 | D:8      | Noticed Harold
  5858 | D:8      | HP: 3/80 [something (4)]
  5859 | D:8      | Slain by a sky beast

Illustrated notes

Levels and vault maps discovered:
D:1:      dpeg_arrival_radiant, layout_basic, skrybe_limestone_x,
          chequers_big_river
D:2:      layout_loops_corners, doesnt_xom_only_xom, chequers_jeans
D:3:      layout_loops_ring, st_stairs_14, grunt_ministairs_1,
          kennysheep_minor_cross, minmay_misc_feat_nine_boxes
D:4:      layout_cave_pools
D:5:      layout_cave_pods, kennysheep_little_box, minmay_temple_entry_glass,
          uniq_edmund, uniq_ijyb
D:6:      kennysheep_steamy, layout_basic, nicolae_qazlal_general_emergency
D:7:      layout_cave_pools, grunt_temple_overflow_growth_and_decay,
          lemuel_crystal_altar, nicolae_overflow_hidden_temple,
          elyvilon_altar_4, serial_shops, shop, serial_park_tiny_pond,
          evilmike_ruin_ashenzari
D:8:      layout_basic, nemelex_xobeh_ov_fountains_minmay, uniq_harold
Temple:   kb_temple_of_zot

Skill      XL: |  1  2  3  4  5  6  7  8  9 |
---------------+----------------------------+-----
Dodging        | 3 4 5 6 7 |  7.6
Unarmed Combat | 4 5 6 7 8 |  8.9
Maces & Flails | 1 |  1.2
Fighting       | |  2.4
Stealth        | |  1.0

Action                   |  1- 3 |  4- 6 |  7- 9 || total
-------------------------+-------+-------+-------++-------
Melee: Unarmed           |    91 |   133 |   135 ||   359
       Punch             |       |     4 |    12 ||    16
       Morningstar       |       |       |    17 ||    17
  Use: Scroll            |       |     6 |     9 ||    15
       Potion            |       |       |     2 ||     2
 Stab: Sleeping          |     6 |       |     3 ||     9
Armor: Robe              |    30 |    64 |    54 ||   148
Dodge: Dodged            |    43 |   102 |    99 ||   244

Table legend:
 A = Non-vault XP
 B = Vault XP
 C = Vault XP percentage of total XP
 D = Non-vault monster count
 E = Vault monster count
 F = Vault count percentage of total count
                 A         B        C        D         E       F
            +---------+---------+-------+---------+---------+-------
      Total |    2622 |     497 |  15.9 |     120 |       7 |   5.5
            +---------+---------+-------+---------+---------+-------
        D:1 |      27 |       0 |   0.0 |      16 |       0 |   0.0
        D:2 |      54 |       0 |   0.0 |      19 |       0 |   0.0
        D:3 |      86 |       5 |   5.5 |      29 |       3 |   9.4
        D:4 |     471 |       0 |   0.0 |      19 |       0 |   0.0
        D:5 |     460 |     197 |  30.0 |      13 |       2 |  13.3
        D:6 |     432 |     295 |  40.6 |       9 |       2 |  18.2
        D:7 |     867 |       0 |   0.0 |      11 |       0 |   0.0
        D:8 |     225 |       0 |   0.0 |       4 |       0 |   0.0
            +---------+---------+-------+---------+---------+-------
